 Dungeon Crawl Stone Soup version 0.31-a0-845-g9abc20d24f (webtiles) character file.

Game seed: 13384214481177022663

25 Barthur98 the Ruffian (level 3, -29/28 HPs)
             Began as a Gnoll Shapeshifter on Oct 2, 2023.
             Annihilated by an ogre
             ... wielding a +0 giant spiked club
              (31 damage)
             ... on level 3 of the Dungeon.
             The game lasted 00:05:58 (444 turns).

Barthur98 the Ruffian (Gnoll Shapeshifter)           Turns: 444, Time: 00:05:59

Health: -29/28     AC:  2    Str: 15    XL:     3   Next: 4%
Magic:  3/3        EV: 10    Int:  9    God:
Gold:   27         SH:  0    Dex: 11    Spells: 3/3 levels left

rFire   . .          .
                       - Unarmed
rCold   . . .        (no shield)
rNeg    . . .        a - +0 animal skin
rPois   .            (helmet currently unavailable)
rElec   .            (cloak currently unavailable)
rCorr   .            (gloves currently unavailable)
SInv    .            (boots currently unavailable)
Will    .....        (no amulet)
Stlth   +            (no ring)
HPRegen 0.24/turn    (no ring)
MPRegen 0.08/turn

%: no passive effects
@: beast-form, constricted
A: beast (slay +3), fangs 1, strong nose, distributed training
a: Begin Untransformation


You were on level 3 of the Dungeon.
You were a hulking beast.
You visited 1 branch of the dungeon, and saw 3 of its levels.

You collected 27 gold pieces.

Inventory:

Armour
 a - a +0 animal skin (worn)
 h - a +0 robe
Talismans
 c - a beast talisman (active)
 d - a flux talisman
Scrolls
 f - 2 scrolls of vulnerability {unknown}
 g - 2 scrolls of identify {unknown}
Potions
 b - a potion of lignification
 e - a potion of might {unknown}
 i - a potion of heal wounds {unknown}


   Skills:
 + Level 2.5 Fighting
 + Level 0.6 Short Blades
 + Level 0.6 Long Blades
 + Level 0.6 Axes
 + Level 0.6 Maces & Flails
 + Level 0.6 Polearms
 + Level 0.6 Staves
 + Level 0.6 Ranged Weapons
 + Level 0.6 Throwing
 + Level 0.6 Armour
 + Level 4.5 Dodging
 + Level 0.6 Stealth
 + Level 0.6 Shields
 + Level 6.5 Unarmed Combat
 + Level 0.6 Spellcasting
 + Level 0.4 Conjurations
 + Level 0.4 Hexes
 + Level 0.4 Summonings
 + Level 0.4 Necromancy
 + Level 0.4 Translocations
 + Level 0.4 Transmutations
 + Level 0.4 Fire Magic
 + Level 0.4 Ice Magic
 + Level 0.4 Air Magic
 + Level 0.4 Earth Magic
 + Level 0.4 Poison Magic
 + Level 0.8 Invocations
 + Level 0.6 Evocations
 + Level 6.5 Shapeshifting


You had 3 spell levels left.
You didn't know any spells.
Your spell library was empty.

Dungeon Overview and Level Annotations

Branches:
Dungeon (3/15)

Altars:


Innate Abilities, Weirdness & Mutations

You are a hulking beast.
Your limbs bulge with bestial killing power. (Slay +3)
You have very sharp teeth.
Your uncanny sense of smell can sniff out nearby items.
Your experience applies equally to all skills.


Message History

You climb downwards.
There is a stone staircase leading up here.
You climb upwards.
There is a stone staircase leading down here.
You climb downwards.
There is a stone staircase leading up here.
You climb upwards.
There is a stone staircase leading down here.
You climb downwards.
The rat bites you. The rat barely misses you.
There is a stone staircase leading up, spattered with blood here.
You punch the rat!
You kill the rat!
You see here a rat corpse.
Found a dagger.
You see here a +0 dagger.
A kobold comes into view. It is wielding a +0 dagger.
The kobold shouts!
You hear an angry hiss.
The kobold barely misses you.
You punch the kobold!
You kill the kobold!
A ball python and an ogre come into view.
Found a mace.
The ogre shouts!
Things that are here:
a +0 dagger; 3 stones You hit the ogre.
You bite the ogre.
The ogre is moderately wounded.
The ogre hits you with a +0 giant spiked club!!
Ouch! That really hurt!
* * * LOW HITPOINT WARNING * * *
You punch the ogre!
The ogre is severely wounded.
The ball python barely misses you. The ball python grabs you.
The ball python constricts you.
You barely miss the ogre.
The ogre is severely wounded.
The ball python completely misses you. The ball python constricts you.
The ogre hits you with a +0 giant spiked club!!
Ouch! That really hurt!
You die...

...........#
....)......#
...........#
...........#
...........#
...........#
......SO...######
.......h.........
#########)#######
#........#
#..#####.#
#..#####.#
#..#...).#
#..#.#####
####### #......#
#.....# #....#.#


You could see an ogre and a ball python.

Vanquished Creatures
  3 endoplasms (D:1)
  A giant cockroach (D:1)
  A hobgoblin (D:1)
  2 jackals (D:1)
  2 kobolds
  3 quokkas
  A ball python (D:2)
  2 bats
  2 frilled lizards (D:1)
  A goblin (D:1)
  6 rats
24 creatures vanquished.

Notes
Turn   | Place    | Note
-------+----------+-------------------------------------------
     0 | D:1      | Barthur98 the Gnoll Shapeshifter began the quest for the
                  | Orb.
     0 | D:1      | Reached XP level 1. HP: 17/17 MP: 1/1
    50 | D:1      | Reached XP level 2. HP: 18/23 MP: 2/2
   136 | D:1      | Found a faded altar of an unknown god.
   369 | D:2      | Reached XP level 3. HP: 28/28 MP: 3/3
   438 | D:3      | Noticed an ogre
   442 | D:3      | HP: 1/28 [ogre/+0 giant spiked club (27)]
   444 | D:3      | Annihilated by an ogre

Illustrated notes

Levels and vault maps discovered:
D:1:      minmay_arrival_nine_rooms, layout_loops_ring,
          ebering_ecumenical_altar_ruins
D:2:      layout_loops_ring, minmay_quantized, uniq_jessica
D:3:      layout_basic, serial_shops, shop, uniq_robin, uniq_terence

Action                     || total
---------------------------++-------
  Melee: Unarmed           ||    49
         Bite              ||     3
         Punch             ||     1
   Stab: Sleeping          ||     1
 Armour: Animal skin       ||    26
  Dodge: Dodged            ||    40

Table legend: (Time is in decaauts)
 A = Elapsed time spent in this place.
 B = Non-inter-level travel time spent in this place.
 C = Inter-level travel time spent in this place.
 D = Time resting spent in this place.
 E = Time spent auto-exploring this place.
 F = Levels seen in this place.
 G = Mean time per level.
                   A        B        C        D        E       F      G
               +--------+--------+--------+--------+--------+-----+--------+
         Total |    442 |    358 |     84 |      0 |     95 |   3 |  147.3 |
       Dungeon |    442 |    358 |     84 |      0 |     95 |   3 |  147.3 |
               +--------+--------+--------+--------+--------+-----+--------+

Top non-repeatable levels by time:
     D:1: 290 daAuts
     D:2: 95 daAuts
     D:3: 56 daAuts
